 Dungeon Crawl Stone Soup version 0.25-a0-258-g6d7e32a812 (webtiles) character file.

Game seed: 1272929275030475117, levelgen mode: deterministic

10 MrRokkomies the Firebug (level 2, -1/15 HPs)
             Began as a Deep Elf Fire Elementalist on Dec 6, 2019.
             Slain by a leopard gecko (4 damage)
             ... on level 1 of the Dungeon.
             The game lasted 00:01:30 (451 turns).

MrRokkomies the Firebug (Deep Elf Fire Elementalist) Turns: 451, Time: 00:01:31

Health: -1/15      AC:  2    Str:  5    XL:     2   Next: 10%
Magic:  5/8        EV: 13    Int: 19    God:
Gold:   8          SH:  0    Dex: 15    Spells: 6/7 levels left

rFire    . . .     SeeInvis .   e - +0 quarterstaff (curse)
rCold    . . .     Gourm    .   (shield currently unavailable)
rNeg     . . .     Faith    .   a - +0 robe
rPois    .         Spirit   .   (no helmet)
rElec    .         Reflect  .   (no cloak)
rCorr    .         Harm     .   (no gloves)
MR       .....                  (no boots)
Stlth    +.........             (no amulet)
HPRegen  0.05/turn              d - ring of attention (curse)
MPRegen  0.11/turn              (no ring)

@: no status effects
A: no striking features
a: no special abilities


You were on level 1 of the Dungeon.
You were not hungry.

You visited 1 branch of the dungeon, and saw 2 of its levels.

You collected 8 gold pieces.

Inventory:

Hand Weapons
 e - a cursed +0 quarterstaff (weapon)
Armour
 a - a +0 robe (worn)
Jewellery
 d - a cursed ring of attention (left hand)
Scrolls
 b - a scroll of enchant armour {unknown}
Comestibles
 c - 2 rations


   Skills:
 + Level 2.6 Dodging
 - Level 2.4 Stealth
 - Level 3.0 Spellcasting
 * Level 1.7 Conjurations
 * Level 3.6 Fire Magic


You had 6 spell levels left.
You knew the following spells:

 Your Spells              Type           Power        Failure   Level  Hunger
a - Foxfire               Conj/Fire      ##..         4%          1    None

Your spell library contained the following spells:

 Spells                   Type           Power        Failure   Level  Hunger
 Conjure Flame            Conj/Fire      ##......     16%         3    ###....
 Inner Flame              Hex/Fire       #.......     22%         3    ###....
 Sticky Flame             Conj/Fire      ##......     45%         4    ####...
 Fireball                 Conj/Fire      ##........   80%         5    ######.


Dungeon Overview and Level Annotations

Branches:
Dungeon (2/15)

Altars:


Message History

Casting: Foxfire (safe; 4% risk of failure)
Confirm with . or Enter, or press ? or * to list all spells.
You conjure some foxfire!
The leopard gecko closely misses you.
The foxfire hits the leopard gecko but does no damage.
The foxfire hits the leopard gecko.
The leopard gecko is moderately wounded.
Casting: Foxfire (safe; 4% risk of failure)
Confirm with . or Enter, or press ? or * to list all spells.
You conjure some foxfire!
The leopard gecko bites you.
The foxfire hits the frilled lizard.
The frilled lizard is heavily wounded.
The foxfire hits the leopard gecko.
The leopard gecko is almost dead.
The leopard gecko misses you. The leopard gecko bites you.
Casting: Foxfire (safe; 4% risk of failure)
Confirm with . or Enter, or press ? or * to list all spells.
You conjure some foxfire!
The rat bites you.
* * * LOW HITPOINT WARNING * * *
The leopard gecko bites you.
You die...

.# #####+#.# #.#....#... .#
#.......# #.######.#. .#
#.......# #......#.#. .#
#.......# ######.#...
.##########.#.##############.####
............................>....
.##########.#.######.#######.####
.............†..vv##.#######.....
.##########.#...@ll..........####
.# #.#####r##.#######.# .# #.#
#.##.# #.#### .# #.# #.##.#
#).... .# #.# #.##.# #..... .#
#.# #..# #..... .# .. ...# #.....
..... #.÷... [...#.. #.....


You could see a leopard gecko, a frilled lizard and a rat.

Vanquished Creatures
  A dart slug (D:1)
  2 hobgoblins (D:1)
  A kobold (D:2)
  3 goblins (D:1)
7 creatures vanquished.

Vanquished Creatures (others)
  19 foxfires
19 creatures vanquished.

Grand Total: 26 creatures vanquished

Notes
Turn   | Place    | Note
-------+----------+-------------------------------------------
     0 | D:1      | MrRokkomies the Deep Elf Fire Elementalist began the quest
                  | for the Orb.
     0 | D:1      | Reached XP level 1. HP: 10/10 MP: 6/6
   362 | D:1      | Reached XP level 2. HP: 15/15 MP: 6/8
   364 | D:1      | You fall into a shaft and drop 1 floor!
   451 | D:1      | Slain by a leopard gecko

Levels and vault maps discovered:
D:1:      minmay_arrival_glassed_features, layout_basic, xom_teletrap_fun
D:2:      layout_loops_corners, marbit_many_paths

Action                   || total
-------------------------++-------
Melee: Unarmed           ||     6
       Quarterstaff      ||     1
 Cast: Foxfire           ||    13
Armor: Robe              ||     1
Dodge: Dodged            ||     7

Table legend:
 A = Non-vault XP
 B = Vault XP
 C = Vault XP percentage of total XP
 D = Non-vault monster count
 E = Vault monster count
 F = Vault count percentage of total count
                 A         B        C        D         E       F
            +---------+---------+-------+---------+---------+-------
      Total |      15 |       0 |   0.0 |       7 |       0 |   0.0
            +---------+---------+-------+---------+---------+-------
        D:1 |      13 |       0 |   0.0 |       6 |       0 |   0.0
        D:2 |       2 |       0 |   0.0 |       1 |       0 |   0.0
            +---------+---------+-------+---------+---------+-------
